 Dungeon Crawl Stone Soup version 0.26-a0-639-g72c4674329 (webtiles) character file.

Game seed: 2918453526325094294

459 Flugslaktarn the Chopper (level 6, -1/58 HPs)
             Began as a Deep Dwarf Fighter on Sept 24, 2020.
             Killed from afar by an orc wizard (3 damage)
             ... with a magic dart
             ... on level 4 of the Dungeon.
             The game lasted 00:00:55 (1041 turns).

Flugslaktarn the Chopper (Deep Dwarf Fighter)       Turns: 1041, Time: 00:00:55

Health: -1/58      AC: 12    Str: 21    XL:     6   Next: 78%
Magic:  6/6        EV:  5    Int:  8    God:
Gold:   137        SH: 10    Dex: 13    Spells: 5/5 levels left

rFire    . . .     SeeInvis .   a - +0 war axe
rCold    . . .     Faith    .   c - +0 kite shield
rNeg     . . .     Spirit   .   p - +0 chain mail (curse)
rPois    .         Reflect  .   (no helmet)
rElec    .         Harm     .   (no cloak)
rCorr    .         Rampage  .   h - +0 pair of gloves
MR       .....                  m - +0 pair of boots
Stlth    ..........             (no amulet)
HPRegen  0.00/turn              (no ring)
MPRegen  0.10/turn              (no ring)

@: non-regenerating
A: damage resistance, heal wounds, sense surroundings 1, no regeneration
a: Heal Wounds


You were on level 4 of the Dungeon.
You visited 1 branch of the dungeon, and saw 4 of its levels.

You collected 137 gold pieces.

Inventory:

Hand Weapons
 a - a +0 war axe (weapon)
Armour
 c - a +0 kite shield (worn)
 h - a +0 pair of gloves (worn)
   (You found it on level 2 of the Dungeon)
 m - a +0 pair of boots (worn)
   (You found it on level 2 of the Dungeon)
 p - a cursed +0 chain mail (worn)
   (You found it on level 4 of the Dungeon)
Jewellery
 k - an uncursed ring of protection from fire {unknown}
   (You found it on level 2 of the Dungeon)
 t - an uncursed amulet of guardian spirit {unknown}
   (You found it on level 4 of the Dungeon)
Wands
 n - a wand of iceblast (5)
   (You found it on level 3 of the Dungeon)
Scrolls
 b - a scroll of fog {unknown}
 f - a scroll of random uselessness {unknown}
 g - 4 scrolls of identify {unknown}
 i - 3 scrolls of teleportation {unknown}
 l - 2 scrolls of fear {unknown}
 r - a scroll of enchant armour {unknown}
 s - a scroll of magic mapping {unknown}
Potions
 d - a potion of might
 e - 2 potions of stabbing {unknown}
 j - 2 potions of flight {unknown}
 o - a potion of mutation {unknown}
 q - a potion of curing {unknown}


   Skills:
 * Level 4.6 Fighting
 * Level 5.0 Axes
 + Level 4.5 Armour
 + Level 4.5 Shields


You had 5 spell levels left.
You didn't know any spells.
Your spell library was empty.

Dungeon Overview and Level Annotations

Branches:
Dungeon (4/15)
 Temple: D:4-7

Altars:
Okawaru
Xom
The Shining One


Innate Abilities, Weirdness & Mutations

You are resistant to damage.
You can heal yourself by infusing magical energy.
You passively map a small area around you.
You do not regenerate.


Message History

A puff of frost appears from out of thin air!
The puff of frost hits you!
You slash the orc!
You kill the orc!
You slash the orc!
You kill the orc!
You closely miss something. You barely miss the orc wizard.
Something hits you but does no damage. You block the orc wizard's attack.
The worker ant bites you but does no damage.
Something hits you but does no damage.
You slash the orc wizard!
The orc wizard is almost dead.
You miss something. You hit the worker ant.
Something hits you but does no damage.
You are electrocuted!!
* * * LOW HITPOINT WARNING * * *
The orc wizard hits you but does no damage.
You block the worker ant's attack. Something hits you but does no damage.
The orc wizard casts a spell at you. The magic dart hits you.
You die...

* ,
.8.8..##...###
,, 8._.8.
###...## *
.8.8..##......#
* ,
..8..##...###.#
#...##..#.# # *
* ##.....#
#....### *,*
,#..#..# *
#.##o@# * ..
#{a).....# ,
#..?###### , ,
..... ,,
.......*
**.........
#.....$....
#..........# *


You could see a worker ant and an orc wizard.

Vanquished Creatures
  Grinder (D:3)
  2 orc wizards (D:4)
  An orc priest (D:4)
  Jessica (D:2)
  A worker ant (D:4)
  4 gnolls (D:3)
  A howler monkey skeleton (D:4)
  3 adders
  An ooze (D:3)
  A worm (D:2)
  3 dart slugs
  A leopard gecko (D:3)
  13 orcs
  2 bats
  A goblin (D:3)
  4 hobgoblins
  7 jackals (D:4)
  A frilled lizard (D:4)
  4 kobolds (D:3)
  5 rats
57 creatures vanquished.

Vanquished Creatures (others)
  3 plants (D:3)
3 creatures vanquished.

Grand Total: 60 creatures vanquished

Notes
Turn   | Place    | Note
-------+----------+-------------------------------------------
     0 | D:1      | Flugslaktarn the Deep Dwarf Fighter began the quest for the
                  | Orb.
     0 | D:1      | Reached XP level 1. HP: 20/20 MP: 1/1
   129 | D:2      | Noticed Jessica
   137 | D:2      | Killed Jessica
   137 | D:2      | Reached XP level 2. HP: 19/28 MP: 2/2
   137 | D:2      | Reached XP level 3. HP: 23/34 MP: 3/3
   225 | D:2      | Reached skill level 3 in Axes
   362 | D:3      | Reached XP level 4. HP: 30/42 MP: 4/4
   464 | D:3      | Noticed Grinder
   466 | D:3      | Paralysed by Grinder for 5 turns
   474 | D:3      | Paralysed by Grinder for 3 turns
   489 | D:3      | Killed Grinder
   489 | D:3      | Reached skill level 4 in Axes
   489 | D:3      | Reached XP level 5. HP: 20/50 MP: 5/5
   489 | D:3      | Reached XP level 6. HP: 23/57 MP: 6/6
   498 | D:3      | Found an iron altar of Okawaru.
   927 | D:4      | Found a shimmering altar of Xom.
  1024 | D:4      | Found a glowing golden altar of the Shining One.
  1038 | D:4      | Reached skill level 5 in Axes
  1041 | D:4      | HP: 2/58 [something (19)]
  1041 | D:4      | Killed from afar by an orc wizard

Illustrated notes

Levels and vault maps discovered:
D:1:      wander_arrival_lonely_grave, layout_basic
D:2:      layout_basic, fedhas_altar_fruit_tree, uniq_jessica
D:3:      layout_rooms, lemuel_crystal_altar, serial_bayou_ford_a,
          nrook_mini_vaults, nrook_mini_backslash, okawaru_gym_becter,
          uniq_grinder
D:4:      layout_loops_corners, tgw_xom, tso_metal_star

Skill      XL: |  1  2  3  4  5  6 |
---------------+-------------------+-----
Fighting       | 3 4 |  4.6
Axes           | 3 4 5 |  5.0
Armour         | 4 |  4.5
Shields        | 4 |  4.5

Action                   |  1- 3 |  4- 6 || total
-------------------------+-------+-------++-------
Melee: War axe           |    46 |   113 ||   159
 Abil: Heal Wounds       |     1 |     2 ||     3
Armor: Scale mail        |    21 |    29 ||    50
       Chain mail        |       |    41 ||    41
Dodge: Dodged            |    17 |    31 ||    48
Block: Kite shield       |    34 |    59 ||    93

Table legend: (Time is in decaauts)
 A = Elapsed time spent in this place.
 B = Non-inter-level travel time spent in this place.
 C = Inter-level travel time spent in this place.
 D = Time resting spent in this place.
 E = Time spent auto-exploring this place.
 F = Levels seen in this place.
 G = Mean time per level.
                   A        B        C        D        E       F      G
               +--------+--------+--------+--------+--------+-----+--------+
         Total |   1103 |   1030 |     73 |      0 |    614 |   4 |  275.8 |
       Dungeon |   1103 |   1030 |     73 |      0 |    614 |   4 |  275.8 |
               +--------+--------+--------+--------+--------+-----+--------+

Top non-repeatable levels by time:
     D:4: 433 daAuts
     D:3: 349 daAuts
     D:2: 207 daAuts
     D:1: 113 daAuts
